 Dungeon Crawl Stone Soup version 0.15-a0-1579-gd26fec2 (webtiles) character file.

149 AvylaarBelgium the Magician (level 5, -4/28 HPs)
             Began as a Deep Elf Fire Elementalist on June 19, 2014.
             Slain by a gnoll
             ... wielding a +0 flail
              (6 damage)
             ... on Level 3 of the Dungeon.
             The game lasted 00:09:03 (1939 turns).

AvylaarBelgium the Magician (DEFE)                  Turns: 1939, Time: 00:09:03

HP  -4/28        AC  1     Str  5      XL: 5   Next:  9%
MP   0/18        EV  5     Int 21      God:
Gold 68          SH  0     Dex 15      Spells:  3 memorised,  6 levels left

rFire  . . .     SeeInvis .     x - +2 whip (venom)
rCold  . . .     Clarity  .     z - +0 leather armour
rNeg   . . .     rCorr    .     (no shield)
rPois  .         rRot     .     (no helmet)
rElec  .         Spirit   .     (no cloak)
SustAb .         Warding  .     (no gloves)
rMut   .         Stasis   .     (no boots)
Gourm  .                        (no amulet)
MR     .....                    (no ring)
                                s - cursed -2 ring of protection

@: held, not resistant to hostile enchantments, unstealthy
A: no striking features
a: no special abilities


You were on level 3 of the Dungeon.
You were hungry.

You visited 1 branch of the dungeon, and saw 3 of its levels.

You collected 68 gold pieces.

Inventory:

Hand weapons
 h - a +0 dagger
 k - a +0 whip
 p - a +0 dagger of venom
 x - a +2 whip of venom (weapon)
Missiles
 f - 28 stones
 l - 9 tomahawks (quivered)
Armour
 a - a +0 robe
 y - a +0 leather armour
 z - a +0 leather armour (worn)
Comestibles
 c - 4 bread rations
 n - a royal jelly
 q - 3 meat rations
 u - 4 fruits
Scrolls
 d - a scroll of teleportation {unknown}
 e - a scroll of enchant armour {unknown}
 g - 2 scrolls of identify {unknown}
 i - a scroll of amnesia {unknown}
 o - a scroll of fog {unknown}
 r - a scroll of immolation {unknown}
 t - a scroll of blinking {unknown}
 A - a scroll of remove curse {unknown}
Jewellery
 s - a cursed -2 ring of protection (left hand)
Potions
 j - 2 potions of haste {unknown}
 m - 4 potions of curing
 v - a potion of agility {unknown}
 w - a potion of restore abilities {unknown}
Books
 b - a book of Flames

   Spells                             Type                      Level
   *Flame Tongue                      Conjuration/Fire             1
   *Throw Flame                       Conjuration/Fire             2
   Conjure Flame                      Conjuration/Fire             3
   Inner Flame                        Hexes/Fire                   3
   *Sticky Flame                      Conjuration/Fire             4
   Fireball                           Conjuration/Fire             5


   Skills:
 - Level 2.4 Dodging
 - Level 2.4 Stealth
 + Level 4.6 Spellcasting
 + Level 3.1 Conjurations
 + Level 4.6 Fire Magic


You had 6 spell levels left.
You knew the following spells:

 Your Spells              Type           Power        Failure   Level  Hunger
a - Flame Tongue          Conj/Fire      ###..        1%          1    None
b - Throw Flame           Conj/Fire      ###...       3%          2    None
c - Sticky Flame          Conj/Fire      ###.....     24%         4    ####...


Dungeon Overview and Level Annotations

Branches:
Dungeon (3/15)

Altars:
Dithmenos
Zin


Message History

The orc barely misses you.
Drink which item? (? for menu, Esc to quit)
You feel better. The gnoll barely misses you. The orc hits you with a falchion.
* * * LOW HITPOINT WARNING * * *
The gnoll throws a throwing net.
The throwing net hits you.
You become entangled in the net!
You see here a throwing net.
You try to slip out of the net.
The orc suddenly curses.
The orc hits you with a falchion.
* * * LOW HITPOINT WARNING * * *
Casting: Flame Tongue
Confirm with . or Enter, or press ? or * to list all spells.
Aiming: Flame Tongue
Press: ? - help, Shift-Dir - straight line, f/p - orc
Aim: an orc, wielding a falchion and wearing a ring mail (almost dead)
The flame tongue hits the orc.
You kill the orc!
The gnoll hits you with a flail.
You die...

...... #.......
......########.......
..........%..........
......................
######.........######
#.............#
#...............
#...%.#######.... ##
#..@..# #.... #.
#.g)..# ..... #.
#.....# . #. #.....#
#. #.....# #. #.)...#
#. #.....# #.
......... #.
....##.... #.


You could see a gnoll.

Vanquished Creatures
  5 gnolls
  3 adders
  An inept feature mimic (D:3)
  A worm (D:2)
  3 giant geckos
  An ooze (D:2)
  4 orcs (D:3)
  4 bats
  2 giant cockroaches
  4 goblins
  8 hobgoblins
  3 jackals (D:2)
  A quokka (D:2)
  2 giant newts
  8 kobolds
  10 rats
60 creatures vanquished.

Notes
Turn   | Place    | Note
--------------------------------------------------------------
     0 | D:1      | AvylaarBelgium, the Deep Elf Fire Elementalist, began the quest for the Orb.
     0 | D:1      | Reached XP level 1. HP: 10/10 MP: 5/5
   229 | D:1      | Reached XP level 2. HP: 13/15 MP: 3/8
   611 | D:2      | Reached XP level 3. HP: 3/19 MP: 8/11
   886 | D:2      | Reached skill level 4 in Fire Magic
  1093 | D:2      | Found a shadowy altar of Dithmenos.
  1096 | D:2      | Found a glowing silver altar of Zin.
  1315 | D:2      | Reached XP level 4. HP: 5/24 MP: 8/15
  1743 | D:3      | Found a glowing drain.
  1748 | D:3      | the glowing drain was a mimic.
  1911 | D:3      | Learned a level 2 spell: Throw Flame
  1916 | D:3      | Learned a level 4 spell: Sticky Flame
  1923 | D:3      | Reached XP level 5. HP: 16/28 MP: 8/18
  1935 | D:3      | HP: 1/28 [gnoll/flail (9)]
  1939 | D:3      | Slain by a gnoll

Action                   |  1- 3 |  4- 6 || total
-------------------------+-------+-------++-------
Melee: Unarmed           |     4 |       ||     4
       Whip              |    30 |    11 ||    41
Throw: Tomahawk          |     5 |     1 ||     6
       Stone             |     4 |       ||     4
 Cast: Flame Tongue      |    52 |    35 ||    87
       Throw Flame       |       |     7 ||     7
  Use: Potion            |       |     3 ||     3
 Stab: Sleeping          |     3 |     1 ||     4
